 Dungeon Crawl Stone Soup version 0.32-a0-891-gc41d80381e (webtiles) character file.

Game seed: 7799429075952281484

121 Amplified the Trooper (level 4, 0/38 HPs)
             Began as a Demonspawn Wanderer on Apr 3, 2024.
             Was a Follower of Wu Jian.
             Succumbed to a scorpion's poison
             ... on level 2 of the Dungeon.
             The game lasted 00:03:26 (1357 turns).

Amplified the Trooper (Demonspawn Wanderer)         Turns: 1357, Time: 00:03:27

Health: 0/38       AC:  2    Str: 11    XL:     4   Next: 76%
Magic:  1/7        EV: 10    Int: 13    God:    Wu Jian [*.....]
Gold:   47         SH:  0    Dex: 15    Spells: 6/7 levels left

rFire   . .          .
                       - Unarmed
rCold   . . .        (no shield)
rNeg    + . .        c - +0 robe
rPois   .            (no helmet)
rElec   .            (no cloak)
rCorr   .            (no gloves)
SInv    .            (no boots)
Will    .....        (no amulet)
Stlth   +            h - ring of positive energy
HPRegen 0.26/turn    (no ring)
MPRegen 0.10/turn

%: no passive effects
@: lethally poisoned (0 -> -7), very slightly contaminated
A: claws 2, weakness stinger 1
a: Renounce Religion


You were on level 2 of the Dungeon.
You worshipped Wu Jian.
Wu Jian was aware of your devotion.
You visited 1 branch of the dungeon, and saw 2 of its levels.

You collected 47 gold pieces.

Inventory:

Hand Weapons
 a - a +1 spear
 d - a +0 dagger of holy wrath
Armour
 c - a +0 robe (worn)
Jewellery
 h - a ring of positive energy (left claw)
 i - a ring of flight
Potions
 e - a potion of magic


   Skills:
 * Level 4.8 Fighting
 - Level 1.4 Polearms
 + Level 1.8 Armour
 * Level 1.7 Unarmed Combat
 - Level 2.0 Spellcasting
 - Level 1.7 Ice Magic
 * Level 1.3 Shapeshifting


You had 6 spell levels left.
You knew the following spells:

 Your Spells              Type           Power      Damage    Failure   Level
a - Freeze                Ice            20%        1d4       12%         1

Your spell library contained the following spells:

 Spells                   Type           Power      Damage    Failure   Level
 Shock                    Conj/Air       4%         1d3       26%         1
 Lesser Beckoning         Tloc           2%         N/A       36%         2
 Ozocubu's Armour         Ice            5%         N/A       36%         3
 Hailstorm                Conj/Ice       3%         3d5       47%         3
 Maxwell's Portable Pile  Tloc           1%         2d(5-13)  58%         3
 Swiftness                Air            1%         N/A       58%         3
 Teleport Other           Tloc           1%         N/A       58%         3
 Airstrike                Air            0%         2d(1-17)  94%         4


Dungeon Overview and Level Annotations

Branches:
Dungeon (2/15)

Altars:
Wu Jian


Innate Abilities, Weirdness & Mutations

You have very sharp fingernails.
You have a small tail.


Message History

Confirm with . or Enter, or press ? or * to list all spells.
Aiming: Freeze (safe; 13% risk of failure)
Press: ? - help, Shift-Dir - straight line, f/p - scorpion
Aim: a scorpion (almost dead)
You miscast Freeze.
You are very lightly contaminated with residual magic.
Nothing appears to happen.
You feel very sick. The scorpion stings you.
* * * LOW HITPOINT WARNING * * *
Unknown command.
Unknown command.
Casting: Freeze (safe; 13% risk of failure)
Confirm with . or Enter, or press ? or * to list all spells.
Aiming: Freeze (safe; 13% risk of failure)
Press: ? - help, Shift-Dir - straight line, f/p - scorpion
Aim: a scorpion (almost dead)
You freeze the scorpion.
You kill the scorpion!
The Council accepts your kill.
* * * LOW HITPOINT WARNING * * *
You feel very sick.
Your Shapeshifting skill increases to level 1!
You have reached level 4!
You feel clever.
Your demonic ancestry asserts itself...
You grow a small tail.
Okay, then.
Okay, then.
You aren't carrying any scrolls.
Unknown command.
Okay, then.
You aren't carrying any scrolls.
Unknown command.
Okay, then.
Okay, then.
You aren't carrying any scrolls.
Unknown command.
* * * LOW HITPOINT WARNING * * *
You feel sick.
You die...

....#########
##.###.# #####
#..# #.# #
##.## #.# #
#..# #.# #
##.## #.# ##
##..# #.# .#
###..## #.# .#
#...## .#
#..†@# .#
#.##.# .# #..
#.#
.##########...
#..
.#..........#.
####
.#.#######....
##.#######....
..............
...#######.#


There were no monsters in sight!

Vanquished Creatures
  A scorpion (D:2)
  Robin (D:2)
  A ribbon worm (D:2)
  2 dart slugs (D:1)
  3 ball pythons
  2 endoplasms
  2 giant cockroaches (D:1)
  7 goblins
  6 hobgoblins
  4 jackals (D:1)
  A quokka (D:1)
  5 bats (D:1)
  2 frilled lizards (D:1)
  3 kobolds
  7 rats
47 creatures vanquished.

Notes
Turn   | Place    | Note
-------+----------+-------------------------------------------
     0 | D:1      | Amplified the Demonspawn Wanderer began the quest for the
                  | Orb.
     0 | D:1      | Amplified set off with the following items: a +1 spear, a
                  | potion of curing, a +0 robe; and the following spell
                  | memorised: Freeze; and the following spells available to
                  | memorise: Ozocubu's Armour, Hailstorm.
     0 | D:1      | Reached XP level 1. HP: 19/19 MP: 3/3
   210 | D:1      | Discovered your monstrous ancestry.
   210 | D:1      | Gained mutation: You have sharp fingernails. [demonic
                  | ancestry]
   210 | D:1      | Reached XP level 2. HP: 23/25 MP: 5/5
   504 | D:1      | Found a faded altar of an unknown god.
   572 | D:1      | Gained mutation: You have very sharp fingernails. [demonic
                  | ancestry]
   572 | D:1      | Reached XP level 3. HP: 31/31 MP: 6/6
   800 | D:2      | Noticed Robin
   809 | D:2      | Reached skill level 1 in Unarmed Combat
   851 | D:1      | Prayed at the altar of an unknown god.
   851 | D:1      | Became a worshipper of the Wu Jian Council
   851 | D:1      | Reached * piety under Wu Jian
  1044 | D:2      | Noticed a scorpion
  1115 | D:2      | Killed Robin
  1355 | D:2      | Killed a scorpion
  1356 | D:2      | Reached skill level 1 in Shapeshifting
  1356 | D:2      | Gained mutation: You have a small tail. [demonic ancestry]
  1356 | D:2      | Reached XP level 4. HP: 3/38 MP: 1/7
  1356 | D:2      | HP: 1/38 [poisoned by a scorpion]
  1357 | D:2      | Succumbed to a scorpion's poison

Illustrated notes

Levels and vault maps discovered:
D:1:      mainiacjoe_arrival_oval_in_oval, layout_rooms,
          ebering_ecumenical_altar_hall, serial_park_tiny_pond,
          minmay_misc_feat_rows, minmay_tetromino_o2
D:2:      layout_basic, uniq_robin

Skill      XL: |  1  2  3 |
---------------+----------+-----
Unarmed Combat | 1 |  1.7
Shapeshifting  | 1 |  1.3
Fighting       | |  4.8
Polearms       | |  1.4
Armour         | |  1.8
Spellcasting   | |  2.0
Ice Magic      | |  1.7

Action                     |  1- 3 |  4- 6 || total
---------------------------+-------+-------++-------
  Melee: Spear             |   104 |       ||   104
         Unarmed           |    76 |       ||    76
   Cast: Freeze            |     6 |       ||     6
Ability: Lunge             |     2 |       ||     2
         Whirlwind         |     1 |       ||     1
    Use: Scroll            |     4 |       ||     4
         Potion            |     2 |       ||     2
   Stab: Sleeping          |     1 |       ||     1
 Armour: Robe              |   135 |       ||   135
         Skin              |    29 |       ||    29
  Dodge: Dodged            |   114 |       ||   114

Table legend: (Time is in decaauts)
 A = Elapsed time spent in this place.
 B = Non-inter-level travel time spent in this place.
 C = Inter-level travel time spent in this place.
 D = Time resting spent in this place.
 E = Time spent auto-exploring this place.
 F = Levels seen in this place.
 G = Mean time per level.
                   A        B        C        D        E       F      G
               +--------+--------+--------+--------+--------+-----+--------+
         Total |   1359 |   1299 |     60 |    142 |    689 |   2 |  679.5 |
       Dungeon |   1359 |   1299 |     60 |    142 |    689 |   2 |  679.5 |
               +--------+--------+--------+--------+--------+-----+--------+

Top non-repeatable levels by time:
     D:1: 843 daAuts
     D:2: 515 daAuts
